 Dungeon Crawl Stone Soup version 0.22.0-75-g3901e79 (webtiles) character file.

10640 inc the Nimble (level 11, -28/86 HPs)
             Began as a Mummy Fire Elementalist on Sept 12, 2018.
             Was a Priest of Ashenzari.
             Hit by a javelin thrown by a minotaur (29 damage)
             ... in a labyrinth.
             The game lasted 00:27:33 (12262 turns).

inc the Nimble (Mummy Fire Elementalist)           Turns: 12262, Time: 00:27:33

Health: -28/86     AC: 11    Str: 20    XL:     11   Next: 38%
Magic:  11/30      EV: 17    Int: 17    God:    Ashenzari [***...]
Gold:   91         SH: 10    Dex: 12    Spells: 8/24 levels left

rFire    . . .     SeeInvis +   w - +8 mace of Trog's Reproof {drain, +Blink rC- Str+7} (curse)
rCold    . . .     Gourm    .   H - +2 buckler
rNeg     + + +     Faith    .   B - +0 steam dragon scales
rPois    ∞         Spirit   .   l - +2 helmet (curse)
rElec    .         Reflect  +   t - +0 cloak
rCorr    .         Harm     .   z - +0 pair of gloves
MR       +....                  j - +0 pair of boots (curse)
Stlth    ++........             k - +4 amulet of reflection (curse)
HPRegen  0.24/turn              i - ring of magical power (curse)
MPRegen  0.22/turn              E - ring of protection from fire

@: very slightly contaminated
A: no food or potions, fire vulnerability, cold resistance 1, negative energy
resistance 3, torment resistance, unbreathing
a: Curse Item, Scrying, Renounce Religion, Evoke Blink


You were in a labyrinth.
You worshipped Ashenzari.
Ashenzari was most pleased with you.
You were not hungry.

You visited 2 branches of the dungeon, and saw 12 of its levels.
You also visited: Labyrinth.

You collected 579 gold pieces.
You spent 488 gold pieces at shops.

Inventory:

Hand Weapons
 d - a +0 short sword
 e - a +5 flail of protection
 q - a +4 hand axe
 s - a +2 hand axe of flaming
 w - the cursed +8 mace of Trog's Reproof (weapon) {drain, +Blink rC- Str+7}
   (You found it on level 5 of the Dungeon)

   A truly terrible weapon, it drains the life of those it strikes.
   It affects your strength (+7).
   It makes you vulnerable to cold.
   It lets you blink.
   It has a curse placed upon it.
Armour
 a - a +0 robe
 j - a cursed +0 pair of boots (worn)
 l - a cursed +2 helmet (worn)
 t - a +0 cloak (worn)
 y - a +0 scale mail
 z - a +0 pair of gloves (worn)
 A - the +1 scale mail "Seotwulo" {rElec rF- rCorr Int+6}
   (You found it on level 9 of the Dungeon)

   It affects your intelligence (+6).
   It makes you vulnerable to fire.
   It insulates you from electricity.
   It provides partial protection from all sources of acid and corrosion.
 B - +0 steam dragon scales (worn)
 G - a +1 pair of boots
 H - a +2 buckler (worn)
 N - +2 fire dragon scales
 O - a +2 pair of boots of stealth
Magical Staves
 D - an uncursed staff of fire
Jewellery
 i - a cursed ring of magical power (left hand)
 k - a cursed +4 amulet of reflection (around neck)
 u - an uncursed ring of ice
 E - a ring of protection from fire (right hand)
 K - the ring "Uphesois" {*Tele rPois rF- Dex+4 SInv}
   (You found it in a labyrinth)

   [ring of teleportation]

   It may teleport you next to monsters.
   It affects your dexterity (+4).
   It makes you vulnerable to fire.
   It protects you from poison.
   It lets you see invisible.
 L - the cursed ring of No Interval {Str+2 Dex-3 Stlth+}
   (You found it in a labyrinth)

   [ring of dexterity]

   It affects your strength (+2).
   It affects your dexterity (-3).
   It makes you more stealthy.
   It has a curse placed upon it.
 M - the brooch of Shielding {Reflect SH+8}
   (You found it in a labyrinth)

   [amulet of reflection]

   It shields you and reflects attacks.
   It affects your SH (+8).
Wands
 n - a wand of iceblast (6)
 o - a wand of flame (58)
 r - a wand of acid (16)
 v - a wand of scattershot (6)
 x - a wand of enslavement (11)
Scrolls
 b - 5 scrolls of teleportation
 c - 4 scrolls of fog
 f - a scroll of noise
 g - 3 scrolls of enchant weapon
 h - 2 scrolls of blinking
 m - a scroll of enchant armour {unknown}
 p - 2 scrolls of random uselessness
 C - 2 scrolls of amnesia {unknown}
 F - a scroll of magic mapping
 I - a scroll of fear {unknown}
 J - a scroll of vulnerability {unknown}
Miscellaneous
 P - a phantom mirror


   Skills:
 - Level 8.0 Fighting
 - Level 10.5 Dodging
 - Level 1.5 Stealth
 + Level 2.3 Shields
 - Level 7.2 Spellcasting
 - Level 5.1(6.9) Conjurations
 - Level 5.3(7.2) Fire Magic


You had 8 spell levels left.
You knew the following spells:

 Your Spells              Type           Power        Failure   Level  Hunger
a - Flame Tongue          Conj/Fire      ####.        1%          1    N/A
b - Conjure Flame         Conj/Fire      ####....     2%          3    N/A
c - Sticky Flame          Conj/Fire      ####....     8%          4    N/A
d - Fireball              Conj/Fire      ####......   22%         5    N/A
e - Inner Flame           Hex/Fire       ###.....     9%          3    N/A

Your spell library contained the following spells:

 Spells                   Type           Power        Failure   Level  Hunger
 Throw Flame              Conj/Fire      ####..       1%          2    N/A
 Confusing Touch          Hex            #.....       13%         1    N/A
 Confuse                  Hex            #.......     36%         3    N/A
 Gell's Gravitas          Tloc           #.........   36%         3    N/A
 Petrify                  Tmut/Erth      #.......     77%         4    N/A
 Metabolic Englaciation   Hex/Ice        #.........   98%         5    N/A
 Yara's Violent Unravell  Hex/Tmut       #.........   98%         5    N/A

Dungeon Overview and Level Annotations

Branches:
Dungeon (11/15)            Temple (1/1) D:6             Orc (0/2) D:11
   Lair: D:8-11

Altars:
Ashenzari
Cheibriados
Dithmenos
Elyvilon
Fedhas
Gozag
Hepliaklqana
Kikubaaqudgha
Makhleb
Nemelex Xobeh
Okawaru
Qazlal
Ru
Sif Muna
Trog
Uskayaw
Vehumet
Wu Jian
Xom
Yredelemnul
Zin
The Shining One

Shops:
D:4 %   D:10 [*

Annotations:
D:6 2 transporters, Folque's ghost, novice OgAM
D:10 exclusion: 2 oklob plants


Innate Abilities, Weirdness & Mutations

You do not eat or drink.
Your flesh is vulnerable to fire.
You are immune to poison.
Your flesh is cold resistant. (rC+)
You are immune to negative energy. (rN+++)
You are immune to unholy pain and torment.
You can survive without breathing.


Message History

* * * LOW HITPOINT WARNING * * *
You block the minotaur's attack.
Casting: Flame Tongue (safe; 1% risk of failure)
Confirm with . or Enter, or press ? or * to list all spells.
Aiming: Sticky Flame (safe; 8% risk of failure)
Press: ? - help, Shift-Dir - straight line, f/p - minotaur
Aim: a minotaur, wielding a staff of power, wearing a chain mail and wearing an The sticky flame hits the minotaur.
The minotaur is heavily wounded.
The minotaur is covered in liquid flames!
The minotaur burns!
The minotaur hits you with a staff of power!
* * * LOW HITPOINT WARNING * * *
The minotaur closely misses you.
Blink to where?
Press: ? - help, Dir - move target cursor, p - minotaur You are very lightly contaminated with residual magic.
As you read the scroll of blinking, it crumbles to dust.
The minotaur burns!
The minotaur throws a javelin.
The javelin hits you!!
You die...

. #.. .. ..#,*
.., * *# #*. ##*
#.# ## , .. .#,,
,# ..., ,#
.#.#######.#.# *
,# . .#...#.#...#
* # #.H.. ....#*#
* *, . .#######
#.#,
,#.#.*(#≈≈≈≈≈#.#.
,, .
...#≈≈@≈≈#...# ,,
* #
.#≈.(.≈#.#.#####
,, #.#.###.### #
. .. *##
..#..§..# .#### *
,*
.,,..###H###....
# , #.### ..(..
.#.###, , *
.#.#.#.....# , #
#.#.#####.#** * *
, .#..(. * .#


You could see a minotaur (burning).

Vanquished Creatures
  Erolcha (D:9)
  3 two-headed ogres
  Pikel (D:6)
  A troll (D:10)
  Grinder (D:6)
  A hippogriff (D:9)
  2 shadows (Lab)
  A spriggan (D:8)
  11 yaks
  A wyvern (D:9)
  A steam dragon (D:9)
  Edmund (D:6)
  Purgy (D:4)
  6 orc warriors
  2 sky beasts
  7 ogres
  2 black bears
  3 ice beasts (D:9)
  A phantom (D:8)
  2 centaurs (D:8)
  A crocodile (D:9)
  4 big kobolds
  A gnoll sergeant (D:7)
  2 bullfrogs
  2 wyvern skeletons
  3 scorpions
  5 killer bees (D:8)
  A spriggan skeleton (Lab)
  A howler monkey (D:4)
  3 crimson imps
  A bullfrog zombie (D:10)
  2 hounds
  A jelly (D:10)
  A centaur skeleton (D:4)
  A bullfrog skeleton (D:10)
  3 orc priests
  13 orc wizards
  4 iguanas
  5 worker ants
  2 ogre skeletons (Lab)
  A hound zombie (D:7)
  A howler monkey zombie (D:8)
  Robin (D:3)
  A howler monkey skeleton (D:4)
  4 worker ant zombies
  13 adders
  5 gnolls (D:7)
  4 shadow imps
  An ooze (D:7)
  2 worms
  2 dart slugs (D:2)
  2 leopard geckos
  29 orcs
  7 giant cockroaches
  15 goblins
  6 hobgoblins
  5 jackals
  A quokka (D:5)
  4 bats
  5 frilled lizards
  3 jackal skeletons
  24 kobolds
  A quokka skeleton (D:8)
  2 quokka zombies
  12 rats
256 creatures vanquished.

Vanquished Creatures (others)
  A worker ant (D:6)
  A leopard gecko (D:6)
2 creatures vanquished.

Grand Total: 258 creatures vanquished

Notes
Turn   | Place    | Note
-------+----------+-------------------------------------------
     0 | D:1      | inc the Mummy Fire Elementalist began the quest for the
                  | Orb.
     0 | D:1      | Reached XP level 1. HP: 13/13 MP: 4/4
    23 | D:1      | Reached skill level 1 in Conjurations
   323 | D:1      | Reached XP level 2. HP: 19/19 MP: 1/5
   919 | D:2      | Reached XP level 3. HP: 24/24 MP: 7/7
  1343 | D:2      | Learned a level 3 spell: Conjure Flame
  1517 | D:2      | Reached XP level 4. HP: 30/30 MP: 8/8
  1709 | D:3      | Found a sacrificial altar of Ru.
  1709 | D:3      | Found a hazy altar of Hepliaklqana.
  1810 | D:3      | Noticed Robin
  1838 | D:3      | Killed Robin
  2337 | D:3      | Reached XP level 5. HP: 25/35 MP: 9/9
  2657 | D:4      | Learned a level 4 spell: Sticky Flame
  2717 | D:4      | Reached skill level 5 in Conjurations
  2717 | D:4      | Reached XP level 6. HP: 32/41 MP: 10/10
  3009 | D:4      | Found Ysoq Cent's Food Emporium.
  3191 | D:4      | Reached XP level 7. HP: 43/46 MP: 13/13
  3215 | D:4      | Noticed Purgy
  3227 | D:4      | Killed Purgy
  3333 | D:4      | Reached skill level 5 in Spellcasting
  3629 | D:5      | Entered Level 5 of the Dungeon
  3818 | D:5      | Got an encrusted mace
  3819 | D:5      | Identified the +8 mace of Trog's Reproof {drain, +Blink rC-
                  | Str+7} (You found it on level 5 of the Dungeon)
  4135 | D:6      | Noticed Grinder
  4142 | D:6      | Killed Grinder
  4142 | D:6      | Reached XP level 8. HP: 52/52 MP: 17/17
  4277 | D:6      | Reached skill level 5 in Fire Magic
  4577 | D:6      | Reached skill level 1 in Fighting
  4693 | D:6      | Noticed Pikel
  4704 | D:6      | Killed Pikel
  4704 | D:6      | Reached skill level 5 in Fighting
  4864 | D:6      | Reached XP level 9. HP: 49/69 MP: 10/19
  5045 | D:6      | Found a staircase to the Ecumenical Temple.
  5059 | Temple   | Entered the Ecumenical Temple
  5141 | Temple   | Became a worshipper of Ashenzari the Shackled
  5300 | D:6      | Noticed Edmund
  5312 | D:6      | Killed Edmund
  5332 | D:6      | Found a transporter.
  5333 | D:6      | Identified the +1 war axe of Omompat {venom, +Rage rElec
                  | rF++ Str-2}
  5334 | D:6      | Found a transporter.
  5335 | D:6      | Noticed Folque's ghost (novice OgAM)
  5337 | D:6      | Noticed a two-headed ogre
  5401 | D:6      | Found a shadowy altar of Dithmenos.
  6355 | D:7      | Noticed a two-headed ogre
  6364 | D:7      | Killed a two-headed ogre
  6364 | D:7      | Reached skill level 4 in Dodging
  6775 | D:6      | Learned a level 3 spell: Inner Flame
  6880 | D:7      | Reached skill level 5 in Dodging
  7132 | D:8      | Reached XP level 10. HP: 80/80 MP: 9/20
  7331 | D:8      | Reached * piety under Ashenzari
  7475 | D:8      | Reached skill level 6 in Dodging
  8291 | D:8      | Noticed a two-headed ogre
  8304 | D:8      | Killed a two-headed ogre
  8304 | D:8      | Reached skill level 7 in Dodging
  8523 | D:9      | Found a glowing golden altar of the Shining One.
  8545 | D:9      | Noticed a two-headed ogre
  8553 | D:9      | Killed a two-headed ogre
  8553 | D:9      | Reached skill level 8 in Dodging
  8763 | D:9      | Reached skill level 9 in Dodging
  8976 | D:9      | Got the uncursed scale mail "Seotwulo" {rElec rF- rCorr
                  | Int+6}
  9676 | D:9      | Reached ** piety under Ashenzari
  9909 | D:10     | Entered Level 10 of the Dungeon
  9913 | D:10     | Reached XP level 11. HP: 86/86 MP: 21/21
 10226 | D:10     | Noticed Erolcha
 10235 | D:9      | Killed Erolcha
 10235 | D:9      | Reached skill level 10 in Dodging
 10617 | D:10     | Found Xonnuwot's General Store.
 10630 | D:10     | Bought a scroll of teleportation for 42 gold pieces
 10630 | D:10     | Bought a scroll of teleportation for 42 gold pieces
 11153 | D:10     | Found Leanonyf's Antique Armour Shoppe.
 11157 | D:10     | Bought a pair of glowing boots for 202 gold pieces
 11157 | D:10     | Bought a glowing buckler for 202 gold pieces
 11552 | D:10     | Found a blossoming altar of Fedhas.
 11554 | D:10     | Noticed an oklob plant
 11554 | D:10     | Noticed an oklob plant
 11595 | D:11     | Identified the cursed +0 shortbow of Chaos {velocity, rC+
                  | Str+3}
 11625 | D:11     | Reached skill level 1 in Shields
 11656 | D:11     | Found a staircase to the Orcish Mines.
 11696 | D:11     | Noticed a two-headed ogre
 11698 | D:11     | Found a labyrinth entrance.
 11701 | D:11     | Identified the +9 whip of Crawling {slash, rPois rN+ Int+2}
 11707 | Lab      | Entered a labyrinth
 11717 | Lab      | Reached *** piety under Ashenzari
 12178 | Lab      | Learned a level 5 spell: Fireball
 12212 | Lab      | Noticed a minotaur
 12249 | Lab      | Identified the ring "Uphesois" {*Tele rPois rF- Dex+4 SInv}
 12249 | Lab      | Identified the cursed ring of No Interval {Str+2 Dex-3
                  | Stlth+}
 12249 | Lab      | Found the brooch of Shielding {Reflect SH+8}
 12261 | Lab      | HP: 1/86 [minotaur/staff of power (13)]
 12262 | Lab      | Hit by a javelin thrown by a minotaur

Skill      XL: |  1  2  3  4  5  6  7  8  9 10 11 |
---------------+----------------------------------+-----
Conjurations   | 1 2 3 4 5 |  5.1
Spellcasting   | 4 6 7 |  7.2
Fire Magic     | 3 4 5 |  5.3
Fighting       | 5 8 |  8.0
Dodging        | 5 9 10 | 10.5
Shields        | 2 |  2.3
Stealth        | |  1.5

Action                   |  1- 3 |  4- 6 |  7- 9 | 10-12 || total
-------------------------+-------+-------+-------+-------++-------
Melee: Short sword       |     3 |     3 |       |       ||     6
       Hand axe          |       |     2 |       |       ||     2
       Mace              |       |       |    12 |    14 ||    26
 Cast: Flame Tongue      |    77 |   120 |   243 |   237 ||   677
       Sticky Flame      |       |     2 |    21 |    44 ||    67
       Conjure Flame     |       |     1 |     6 |     5 ||    12
       Inner Flame       |       |       |     5 |     4 ||     9
       Fireball          |       |       |       |     2 ||     2
Invok: Curse Item        |       |       |     4 |     1 ||     5
  Use: Scroll            |     1 |       |       |     8 ||     9
Armor: Robe              |     6 |    16 |    21 |     8 ||    51
       Steam dragon scal |       |       |       |    28 ||    28
Dodge: Dodged            |    20 |    37 |    54 |   121 ||   232
Block: Other             |     7 |    14 |    15 |    27 ||    63
       Reflection        |       |       |       |     7 ||     7
       Buckler           |       |       |       |    20 ||    20
